Map: Para Site LE

Players

Alceraz - Winner!

  • Race: Zerg Zerg
  • League: Platinum
  • Spawn Location: 11:00

zavodchanin

  • Race: Zerg Zerg
  • League: Platinum
  • Spawn Location: 5:00

VOD

Have the link to the VOD?

Description

Time

  • Played on: Oct. 19, 2018, 4:07 a.m.
  • Length: 12:07
Show
View Real Time Build Order
Export as new Build Order

Alceraz Zerg - Winner!

Build Orders: Hatch First 

Get SALT Encoding   

  12  0:01  Drone  
  13  0:13  Overlord  
  13  0:18  Drone  
  14  0:31  Drone x2  
  14  0:35  Drone  
  17  0:53  Hatchery  
  17  0:56  Drone  
  17  1:00  Drone  
  18  1:11  Extractor  
  18  1:17  Spawning Pool  
  16  1:19  Drone  
  16  1:21  Drone  
  18  1:28  Drone  
  19  1:40  Drone  
  20  1:49  Overlord  
  20  2:04  Queen  
  20  2:05  Queen  
  20  2:06  Zergling x4  
  26  2:12  Metabolic Boost  
  26  2:14  Zergling x2  
  27  2:16  Drone  
  27  2:22  Drone  
  29  2:26  Drone  
  30  2:33  Drone  
  31  2:37  Overlord  
  31  2:41  Queen  
  33  3:00  Hatchery  
  33  3:05  Baneling Nest  
  31  3:06  Drone  
  31  3:07  Drone  
  33  3:15  Drone x2  
  33  3:16  Drone  
  36  3:26  Drone x4  
  40  3:46  Overlord  
  40  3:47  Drone x4  
  44  3:51  Baneling x2  
  43  4:14  Zergling x8  
  43  4:16  Zergling x2  
  50  4:17  Zergling x14  
  55  4:25  Queen  
  56  4:38  Zergling x4  
  57  4:43  Overlord x3  
  57  4:48  Baneling  
  57  4:50  Baneling x3  
  57  5:03  Zergling x28  
  66  5:15  Zergling x8  
  63  5:28  Baneling x4  
  63  5:35  Roach Warren  
  62  5:37  Extractor, Drone x2  
  62  5:38  Drone x3  
  63  5:51  Zergling x14  
  63  5:52  Zergling x4  
  69  6:02  Drone x2  
  69  6:03  Drone x5  
  76  6:08  Lair  
  76  6:10  Drone x2  
  77  6:12  Evolution Chamber x2  
  77  6:18  Baneling x4  
  74  6:19  Baneling  
  74  6:20  Zergling x12  
  80  6:26  Overlord  
  79  6:47  Roach x7  
  89  6:56  Extractor  
  89  6:57  Drone  
  89  6:58  Extractor  
  88  7:09  Overlord x4  
  88  7:24  Hatchery  
  88  7:27  Drone x4  
  88  7:28  Roach x11  
  113  7:47  Drone x3  
  116  8:01  Roach x2  
  116  8:04  Overlord  
  116  8:05  Overlord x5, Extractor  
  119  8:07  Extractor  
  118  8:14  Overlord x2  
  118  8:16  Drone x2  
  118  8:17  Drone  
  121  8:22  Glial Reconstitution  
  121  8:25  Zerg Ground Armor Level 1, Zerg Missile Weapons Level 1  
  121  8:27  Drone x3  
  124  8:42  Hydralisk Den  
  124  8:43  Drone x5  
  124  8:45  Queen  
  130  8:50  Roach x7  
  130  8:52  Overlord  
  130  8:53  Overlord x2  
  144  8:57  Drone  
  145  9:12  Hydralisk  
  145  9:13  Hydralisk x5  
  145  9:16  Overlord  
  157  9:20  Grooved Spines  
  157  9:30  Hydralisk x3  
  163  9:35  Extractor, Drone x9  
  163  9:36  Extractor  
  170  9:49  Overseer  
  170  9:58  Hydralisk x5  
  170  9:59  Hydralisk x2  
  184  10:09  Infestation Pit  
  183  10:20  Hydralisk x5  
  183  10:21  Hydralisk  
  193  10:23  Overlord  
  193  10:25  Drone x5  
  200  11:17  Baneling  
  200  11:18  Baneling x17  
  200  11:19  Baneling  
  200  11:37  Hatchery  
Show
View Real Time Build Order
Export as new Build Order

zavodchanin Zerg 

Build Orders: Hatch First 

Get SALT Encoding   

  12  0:01  Drone  
  13  0:13  Overlord  
  13  0:17  Drone  
  14  0:32  Drone  
  14  0:33  Drone  
  16  0:36  Drone  
  17  0:54  Hatchery  
  16  0:58  Drone  
  16  0:59  Drone  
  18  1:11  Extractor  
  18  1:16  Spawning Pool  
  18  1:17  Drone  
  17  1:21  Drone  
  18  1:29  Drone  
  19  1:40  Overlord  
  19  2:02  Queen  
  19  2:04  Zergling x4  
  19  2:06  Queen  
  25  2:11  Drone  
  25  2:13  Metabolic Boost  
  26  2:34  Drone x2  
  28  2:51  Zergling x2  
  28  2:52  Zergling x2  
  30  3:04  Drone x5  
  35  3:12  Hatchery  
  34  3:14  Drone x2  
  34  3:18  Overlord  
  36  3:36  Queen  
  38  3:41  Drone x3  
  38  3:42  Overlord  
  38  3:47  Roach Warren  
  40  4:05  Drone x2  
  40  4:06  Overlord  
  40  4:07  Overlord, Extractor  
  40  4:08  Drone x4  
  45  4:11  Queen  
  45  4:12  Extractor  
  42  4:33  Roach x5  
  52  4:53  Roach x6  
  60  5:11  Roach x3  
  53  5:25  Roach  
  55  5:38  Drone x5  
  55  5:39  Drone x6  
  62  5:56  Roach x5  
  58  6:03  Zergling x6  
  52  6:11  Evolution Chamber  
  51  6:16  Evolution Chamber  
  52  6:25  Roach  
  52  6:26  Roach x5  
  52  6:31  Lair  
  62  6:33  Drone  
  59  6:55  Zerg Missile Weapons Level 1  
  59  7:00  Extractor  
  58  7:05  Drone x4  
  58  7:06  Drone x2  
  58  7:08  Roach x2  
  68  7:09  Overlord  
  68  7:10  Overlord x3  
  70  7:30  Roach x6  
  70  7:32  Hatchery  
  79  7:42  Zerg Ground Armor Level 1  
  79  7:45  Ravager  
  80  8:03  Roach x6  
  92  8:26  Roach x4  
  100  8:53  Nydus Network  
  99  8:57  Overlord x3  
  99  9:15  Queen, Ravager  
  99  9:16  Ravager  
  103  9:18  Ravager  
  104  9:35  Drone x6  
  110  9:41  Spine Crawler  
  110  9:42  Overseer  
  109  10:34  Nydus Canal  
  109  10:37  Roach x3  
  109  10:39  Overlord x5  
  115  10:52  Overlord x3  
  115  10:53  Overlord  
Tags
 
Add a new tag
Caveats
  • Supply blocks, unpowered buildings, or Contaminate may cause inaccurate times.
  • Supply counts are checked every 10 seconds.